 Dungeon Crawl Stone Soup version 0.16-a0-3330-g2931290 (webtiles) character file.

149 PolkaDot the Covert (level 5, -5/38 HPs)
             Began as a Vampire Assassin on Dec 28, 2014.
             Killed from afar by an orc wizard (7 damage)
             ... with a puff of frost
             ... on level 2 of the Dungeon.
             The game lasted 00:06:44 (2163 turns).

PolkaDot the Covert (Vampire Assassin)              Turns: 2163, Time: 00:06:44

Health: -5/38      AC:  4    Str: 10    XL:     5   Next: 9%
Magic:  5/5        EV: 12    Int: 13    God:
Gold:   154        SH:  0    Dex: 16    Spells: 0 memorised, 4 levels left

rFire  . . .     SeeInvis +     a - +2 dagger
rCold  . . .     Clarity  .     c - +0 robe
rNeg   + . .     SustAb   .     (no shield)
rPois  .         Gourm    .     (no helmet)
rElec  .         Spirit   .     d - +0 cloak
rCorr  .         Warding  .     r - +0 pair of gloves
rMut   .         Stasis   .     (no boots)
MR     .....                    (no amulet)
Stlth  ++++......               (no ring)
                                (no ring)

@: about to teleport, not resistant to hostile enchantments, stealthy
A: bottle blood, fangs 3, see invisible, unbreathing
a: Bat Form


You were on level 2 of the Dungeon.
You were not thirsty.

You visited 1 branch of the dungeon, and saw 3 of its levels.

You collected 154 gold pieces.

Inventory:

Hand weapons
 a - a +2 dagger (weapon)
 b - a +0 blowgun
Missiles
 e - 21 poisoned needles
 f - 2 curare-tipped needles
Armour
 c - a +0 robe (worn)
 d - a +0 cloak (worn)
 r - a +0 pair of gloves (worn)
Scrolls
 i - a scroll of blinking {unknown}
 j - a scroll of amnesia {unknown}
 k - a scroll of immolation
 m - a scroll of noise {unknown}
 n - 2 scrolls of identify
 p - 2 scrolls of random uselessness
 t - a scroll of magic mapping {unknown}
Potions
 g - 22 potions of blood {@*1}


   Skills:
 - Level 1.7 Fighting
 + Level 3.3 Short Blades
 + Level 2.6 Throwing
 - Level 1.1 Dodging
 * Level 8.0 Stealth


You had 4 spell levels left.
You didn't know any spells.

Dungeon Overview and Level Annotations

Branches:
Dungeon (3/15)

Altars:


Innate Abilities, Weirdness & Mutations

You can bottle blood from corpses.
You have razor-sharp teeth.
You have supernaturally acute eyesight.
You can survive without breathing.


Message History

As you read the scroll labeled CULINTUNLI, it crumbles to dust.
The creatures around you are filled with an inner flame!
It was a scroll of immolation.
The orc wizard mumbles some strange words.
The orc wizard seems to speed up.
Read which item? (? for menu, Esc to quit)
As you read the scroll labeled HYNI STAGOT, it crumbles to dust.
It is a scroll of identify.
Identify which item? (\ to view known items) (? for menu, Esc to quit)
p - 2 scrolls of random uselessness The orc wizard hits you with a dagger.
* * * LOW HITPOINT WARNING * * *
Read which item? (? for menu, Esc to quit)
As you read the scroll labeled XYEWOE MEQEMAO, it crumbles to dust.
You feel strangely unstable.
It was a scroll of teleportation.
The orc wizard hits you but does no damage.
The orc wizard hits you but does no damage.
The orc wizard points at you and mumbles some strange words.
The puff of frost hits you!
You die...

..#### ############..####.#
.....# #..................######
.....####..........#.>...........
........#(.........#)############
.......o...........#.#
........#.........##.#
..####.##.........##.#
###......###########.#
###..........lo.@....#
.........########################
.........# ####...............
.........######..#.##############
....#####.................# ....#
#.#####..#...####.# ....#
#.#......#......#.# ....#
#.#.##...#.#..###.# ....#
#.#.##...#.#..###.#


You could see an orc wizard (inner flame) and a giant gecko (inner flame).

Vanquished Creatures
  An orc wizard (D:3)
  5 adders (D:2)
  A worm (D:2)
  2 giant geckos
  8 orcs (D:3)
  A ball python (D:1)
  7 bats
  5 giant cockroaches
  7 hobgoblins
  5 jackals (D:2)
  A quokka (D:2)
  4 giant newts
  10 goblins
  3 kobolds
  3 rats
63 creatures vanquished.

Vanquished Creatures (others)
  A worm (D:3)
  A bat (D:3)
  A goblin (D:3)
3 creatures vanquished.

Grand Total: 66 creatures vanquished

Notes
Turn   | Place    | Note
--------------------------------------------------------------
     0 | D:1      | PolkaDot, the Vampire Assassin, began the quest for the Orb.
     0 | D:1      | Reached XP level 1. HP: 16/16 MP: 1/1
    29 | D:1      | Reached skill level 6 in Stealth
   318 | D:1      | Reached XP level 2. HP: 22/22 MP: 2/2
   763 | D:2      | Reached XP level 3. HP: 23/27 MP: 3/3
   806 | D:2      | Reached skill level 7 in Stealth
  1391 | D:2      | Reached XP level 4. HP: 33/33 MP: 4/4
  2036 | D:3      | Reached XP level 5. HP: 36/38 MP: 5/5
  2072 | D:3      | Reached skill level 8 in Stealth
  2159 | D:2      | HP: 1/38 [orc wizard/dagger (2)]
  2163 | D:2      | Killed from afar by an orc wizard

Action                   |  1- 3 |  4- 6 || total
-------------------------+-------+-------++-------
Melee: Dagger            |   125 |    86 ||   211
  Use: Potion            |     2 |     5 ||     7
       Scroll            |       |     3 ||     3
 Stab: Sleeping          |     6 |     6 ||    12
       Invisible         |       |     3 ||     3
  Eat: Corpse            |       |     1 ||     1
